 Dungeon Crawl Stone Soup version 0.18-a0-1539-g1c7284a (webtiles) character file.

1712 GrosslyIncandescent the Insei (level 8, -3/62 HPs)
             Began as a Mummy Monk on Mar 9, 2016.
             Slain by a hippogriff (9 damage)
             ... on level 7 of the Dungeon.
             The game lasted 00:13:58 (12196 turns).

GrosslyIncandescent the Insei (Mummy Monk)         Turns: 12196, Time: 00:13:58

Health: -3/62      AC:  3    Str: 15    XL:     8   Next: 74%
Magic:  8/8        EV: 12    Int:  9    God:
Gold:   355        SH: 10    Dex: 16    Spells: 0 memorised, 7 levels left

rFire  x . .     SeeInvis .       - Unarmed
rCold  + . .     Gourm    .     (no armour)
rNeg   + + +     Faith    .     i - +0 shield
rPois  ∞         Spirit   .     g - +1 helmet
rElec  .         Dismiss  .     n - +0 cloak
rCorr  .         Reflect  .     (no gloves)
SustAt .         Harm     .     (no boots)
MR     +....                    (no amulet)
Stlth  ++........               (no ring)
                                (no ring)

@: somewhat resistant to hostile enchantments, unstealthy
A: no food or potions, fire vulnerability, cold resistance 1, negative energy
resistance 3, torment resistance, unbreathing
a: no special abilities


You were on level 7 of the Dungeon.
You were not hungry.

You visited 1 branch of the dungeon, and saw 7 of its levels.

You collected 355 gold pieces.


Innate Abilities, Weirdness & Mutations

You do not eat or drink.
Your flesh is vulnerable to fire.
You are immune to poison.
Your flesh is cold resistant.
You are immune to negative energy.
You are immune to unholy pain and torment.
You can survive without breathing.


   Skills:
 - Level 5.1 Fighting
 - Level 3.5 Dodging
 - Level 1.5 Stealth
 - Level 5.1 Shields
 + Level 7.2 Unarmed Combat


You had 7 spell levels left.
You didn't know any spells.

Inventory:

Missiles
 f - 7 curare-tipped needles (quivered) {=f}
Armour
 g - a +1 helmet (worn)
 i - a +0 shield (worn)
 n - a +0 cloak (worn)
Wands
 e - a wand of hasting (6/9) {!d@v3}
 q - a wand of iceblast (8/15)
 r - a wand of enslavement (15/24)
Scrolls
 a - 5 scrolls of amnesia {unknown}
 b - 2 scrolls of magic mapping
 c - 2 scrolls of immolation {!r}
 d - 5 scrolls of remove curse
 h - a scroll of fog {unknown}
 j - 2 scrolls of blinking
 k - 3 scrolls of fear {unknown}
 l - a scroll of recharging
 m - a scroll of enchant weapon {unknown}
 o - 3 scrolls of random uselessness {unknown}
 p - a scroll of teleportation {unknown}

Dungeon Overview and Level Annotations

Branches:
Dungeon (7/15)
 Temple: D:4-7

Altars:
Dithmenos
Kikubaaqudgha
Trog

Annotations:
D:3 exclusion: downstairs

..▒ ▒ ... ▒▒▒.▒▒▒▒▒ ▒>.
..(...... ▒..▒▒.▒.▒....
▒............ ▒.≈≈.≈≈▒ ..
▒.≈▒)▒≈▒▒.▒▒▒▒ ▒.≈▒_▒#..
... ▒.≈▒M▒#▒▒▒.▒▒▒▒▒.
▒.≈#.H≈...........
▒▒▒▒▒▒▒▒▒▒▒▒▒....▒▒..▒.▒▒.▒
.................▒ ..▒ ▒.▒
▒▒▒▒▒▒▒▒▒▒▒▒▒....▒ ..▒ ▒.▒
▒....▒ ... ▒.▒ ▒....▒ .▒..
▒.▒ ▒....▒ .▒..▒▒.▒ ▒....▒
.▒▒.▒▒.▒


You could see a hippogriff.


Message History

The hippogriff closely misses you!
You barely miss the hippogriff!
The hippogriff is lightly wounded!
The hippogriff bites you! * * * don't die
* * * You block the hippogriff's attack!
The hippogriff claws you but does no damage!
You squash the hippogriff like an ant!!!
The hippogriff is heavily wounded!
You block the hippogriff's attack!
The hippogriff pecks you! * * * don't die
* * * The hippogriff misses you!
You barely miss the hippogriff!
The hippogriff is heavily wounded!
You block the hippogriff's attack! x2; The hippogriff claws you! * * * don't die
* * * You pulverise the hippogriff but do no damage!
The hippogriff is heavily wounded!
You block the hippogriff's attack!
The hippogriff pecks you! * * * don't die
* * * The hippogriff claws you! * * * don't die
* * * You pulverise the hippogriff!
The hippogriff is heavily wounded!
The hippogriff closely misses you!
The hippogriff pecks you!!! * * * don't die
* * * The hippogriff closely misses you!
Why would you want to do that? The hippogriff bites you!!! rip

Action                   |  1- 3 |  4- 6 |  7- 9 || total
-------------------------+-------+-------+-------++-------
Melee: Unarmed           |   114 |   365 |   344 ||   823
  Use: Scroll            |       |     7 |       ||     7
 Stab: Sleeping          |     6 |     3 |     7 ||    16

Vault maps used:
D:1:      mrwooster_arrival_statue_3, minmay_unequal
D:3:      first_bread, ecumenical_altar_2, hangedman_decor_lopped
D:4:      kennysheep_mini, uniq_robin
D:5:      nicolae_dithmenos_the_darkroom
D:7:      kennysheep_little_box, kennysheep_mini_moat,
          minmay_temple_entry_metal_lava, grunt_ministairs_2

Notes
Turn   | Place    | Note
--------------------------------------------------------------
     0 | D:1      | GrosslyIncandescent the Mummy Monk began the quest for the Orb.
     0 | D:1      | Reached XP level 1. HP: 18/18 MP: 1/1
   211 | D:1      | Reached XP level 2. HP: 18/24 MP: 2/2
   835 | D:1      | Reached skill level 4 in Unarmed Combat
  1093 | D:1      | Reached XP level 3. HP: 26/29 MP: 3/3
  2135 | D:2      | Reached XP level 4. HP: 35/35 MP: 4/4
  3417 | D:3      | Reached skill level 5 in Unarmed Combat
  3842 | D:3      | Reached XP level 5. HP: 37/41 MP: 5/5
  4128 | D:3      | Found a faded altar to an unknown god.
  4780 | D:4      | Noticed Robin
  4978 | D:4      | Identified a wand of hasting
  5076 | D:3      | Reached skill level 4 in Fighting
  5738 | D:4      | Noticed an ogre
  5750 | D:3      | HP: 2/43 [orc priest/flail (11)]
  6133 | D:4      | Reached skill level 5 in Fighting
  6133 | D:4      | Reached XP level 6. HP: 17/51 MP: 6/6
  6230 | D:5      | Entered Level 5 of the Dungeon
  6492 | D:4      | Killed Robin
  6730 | D:5      | Reached skill level 3 in Dodging
  6879 | D:5      | Found a shadowy altar of Dithmenos.
  7073 | D:6      | HP: 3/51 [orc/short sword (5)]
  7370 | D:5      | Reached skill level 1 in Shields
  7577 | D:5      | Reached skill level 2 in Shields
  7577 | D:5      | Reached XP level 7. HP: 40/56 MP: 7/7
  8368 | D:4      | Reached skill level 3 in Shields
  9077 | D:4      | HP: 3/56 [ogre/giant club (17)]
  9078 | D:4      | Reached skill level 4 in Shields
  9444 | D:4      | Found an ancient bone altar of Kikubaaqudgha.
 10250 | D:6      | Reached skill level 5 in Shields
 10250 | D:6      | Reached XP level 8. HP: 50/62 MP: 8/8
 11327 | D:7      | Reached skill level 6 in Unarmed Combat
 11840 | D:7      | Reached skill level 7 in Unarmed Combat
 11905 | D:7      | Found a bloodstained altar of Trog.
 12190 | D:7      | HP: 5/62 [hippogriff (7)]
 12196 | D:7      | Slain by a hippogriff

Vanquished Creatures
  A hippogriff (D:7)
  A black bear (D:6)
  A sky beast (D:7)
  2 ogres (D:4)
  2 giant frogs (D:7)
  A scorpion (D:5)
  A howler monkey (D:5)
  2 crimson imps (D:6)
  A hound (D:4)
  A centaur skeleton (D:6)
  A giant frog zombie (D:5)
  4 orc priests
  A jelly (D:5)
  7 orc wizards
  4 iguanas
  4 worker ants
  A hound zombie (D:6)
  Robin (D:4)
  13 adders
  A shadow imp (D:7)
  3 oozes
  An adder zombie (D:6)
  5 worms
  4 dart slugs
  3 giant geckos
  18 orcs
  9 bats
  7 giant cockroaches
  10 goblins
  11 hobgoblins
  3 jackals
  5 kobolds
  6 quokkas
  A ball python (D:4)
  A giant gecko zombie (D:5)
  8 giant newts
  14 rats
159 creatures vanquished.
